 Dungeon Crawl Stone Soup version 0.30-a0-760-g5a9884bb7c (webtiles) character file.

Game seed: 8658169698564323843

7492 holysushi the Martial Artist (level 10, -1/56 HPs)
             Began as a Vampire Monk on Feb 11, 2023.
             Was a Follower of Ru.
             Slain by a vampire mosquito (13 damage)
             ... on level 10 of the Dungeon.
             The game lasted 00:16:51 (12341 turns).

holysushi the Martial Artist (Vampire Monk)        Turns: 12341, Time: 00:16:51

Health: -1/56      AC:  0    Str: 10    XL:     10   Next: 95%
Magic:  10/10      EV: 33    Int: 13    God:    Ru [*.....]
Gold:   932        SH:  0    Dex: 26    Spells: 9/9 levels left

rFire   . . .      SeeInvis +      - Unarmed
rCold   + + .      Faith    .    (shield currently unavailable)
rNeg    + + +      Spirit   .    (body armour currently unavailable)
rPois   ∞          Reflect  .    (helmet currently unavailable)
rElec   .          Harm     .    (cloak currently unavailable)
rCorr   .          Rampage  .    (gloves currently unavailable)
Will    +....                    (boots currently unavailable)
Stlth   +++++++                  f - amulet of the acrobat
HPRegen 0.00/turn                (ring currently unavailable)
MPRegen 0.12/turn                (ring currently unavailable)

@: bat-form, flying, bloodless, inhibited regen, very quick
A: fast, flying, no casting, tiny, bloodless, fangs 3, see invisible, inability
to train armour, vampiric 2
a: Revivify, End Transformation, Renounce Religion


You were on level 10 of the Dungeon.
You worshipped Ru.
Ru was aware of your devotion.
You were a vampire bat.
You visited 2 branches of the dungeon, and saw 11 of its levels.

You collected 1090 gold pieces.
You spent 158 gold pieces at shops.

Inventory:

Armour
 a - a +1 robe (melded)
Jewellery
 f - an amulet of the acrobat (around neck)
 k - a +6 ring of dexterity
 v - a +6 ring of intelligence
 A - a ring of ice
 D - a ring of ice
 G - a +6 ring of strength
 I - a +6 ring of dexterity
Wands
 d - a wand of mindburst (10)
 m - a wand of polymorph (11)
 n - a wand of paralysis (11)
 o - a wand of flame (13)
Scrolls
 c - a scroll of teleportation
 g - 2 scrolls of enchant armour
 h - 2 scrolls of amnesia
 p - a scroll of brand weapon {unknown}
 q - a scroll of silence {unknown}
 r - 4 scrolls of immolation
 s - 2 scrolls of fog {unknown}
 u - 2 scrolls of enchant weapon {unknown}
 w - 3 scrolls of magic mapping {unknown}
 y - 2 scrolls of noise {unknown}
 B - a scroll of blinking
 E - 3 scrolls of identify
Potions
 b - 2 potions of ambrosia
 e - 8 potions of curing
 i - 2 potions of lignification
 j - 2 potions of haste
 l - 2 potions of attraction
 t - a potion of mutation
 x - a potion of magic {unknown}
 z - a potion of might
 C - a potion of heal wounds {unknown}
 H - a potion of brilliance {unknown}
Miscellaneous
 F - a piece from Xom's chessboard (15/15)


   Skills:
 - Level 4.0 Fighting
 * Level 10.7 Dodging
 - Level 10.0 Stealth
 + Level 12.9 Unarmed Combat
 + Level 3.8 Evocations


You had 9 spell levels left.
You didn't know any spells.
Your spell library contained the following spells:

 Spells                   Type           Power      Damage    Failure   Level
 Blink                    Tloc           0%         N/A       43%         2
 Lesser Beckoning         Tloc           0%         N/A       43%         2
 Momentum Strike          Conj/Tloc      0%         3d8       43%         2
 Call Canine Familiar     Summ           0%         N/A       67%         3
 Dazzling Flash           Conj/Hex       0%         N/A       67%         3
 Frozen Ramparts          Ice            0%         1d1       67%         3
 Portal Projectile        Hex/Tloc       0%         N/A       67%         3
 Ice Form                 Ice/Tmut       0%         N/A       97%         4
 Leda's Liquefaction      Hex/Erth       0%         N/A       97%         4
 Summon Ice Beast         Ice/Summ       0%         N/A       97%         4
 Agony                    Necr           0%         N/A       100%        5
 Silence                  Hex/Air        0%         N/A       100%        5


Dungeon Overview and Level Annotations

Branches:
Dungeon (10/15) Zot: 25798  Temple (1/1) D:5 Zot: 5482    Lair (0/5) D:8
    Orc (0/2) D:10

Altars:
Ashenzari
Cheibriados
Dithmenos
Fedhas
Gozag
Hepliaklqana
Kikubaaqudgha
Makhleb
Nemelex Xobeh
Okawaru
Qazlal
Ru
Sif Muna
Trog
Uskayaw
Vehumet
Wu Jian
Xom
Yredelemnul

Shops:
D:3 *   D:4 :*?*   D:5 (   D:6 (

Annotations:
D:4 Blork the orc
D:8 1 runed translucent door, exclusions: door and two-headed ogre, IdlyInterested's ghost, novice DsFi


Innate Abilities, Weirdness & Mutations

You are a vampire bat.
You are tiny and dextrous.
You move quickly.
You are flying.
You are immune to poison.
Your equipment is almost entirely melded.
You are incapable of wielding weapons or throwing items.
You cannot cast spells.
You do not regenerate when monsters are visible.
You are frail without blood (-20% HP).
You can heal yourself when you bite living creatures.
You are immune to poison.
You have razor-sharp teeth.
You have supernaturally acute eyesight. (SInv)
You cannot train Armour skill.
You are afflicted with vampirism and can become a bat while bloodless.


Message History

The vampire mosquito completely misses you.
The vampire mosquito bites you!
You are too injured to fight recklessly!
You hit the vampire mosquito. You bite the vampire mosquito.
The vampire mosquito is lightly damaged.
The vampire mosquito barely misses you.
The vampire mosquito completely misses you.
You are too injured to fight recklessly!
You bite the vampire mosquito!
The vampire mosquito is heavily damaged.
The vampire mosquito barely misses you. The vampire mosquito misses you.
The vampire mosquito is stunned by your conviction and fails to attack.
The vampire mosquito misses you.
You are too injured to fight recklessly!
You bite the vampire mosquito!
The vampire mosquito is severely damaged.
The vampire mosquito completely misses you.
The vampire mosquito misses you.
You are too injured to fight recklessly!
You are too injured to fight recklessly!
You are too injured to fight recklessly!
You are too injured to fight recklessly!
You hit the vampire mosquito but do no damage.
The vampire mosquito is severely damaged.
The vampire mosquito completely misses you.
The vampire mosquito bites you!
* * * LOW HITPOINT WARNING * * *
The vampire mosquito bites you.
* * * LOW HITPOINT WARNING * * *
The vampire mosquito misses you.
You barely miss the vampire mosquito.
The vampire mosquito is severely damaged.
The vampire mosquito misses you.
The vampire mosquito completely misses you.
You hit the vampire mosquito.
The vampire mosquito is severely damaged.
The vampire mosquito misses you.
The vampire mosquito completely misses you.
The vampire mosquito misses you. The vampire mosquito bites you!
You die...

.....................#'##
.....................'..#
.....................#..#
................)....#..#
.................#...#..#
.................#...#..#
.................#...#..#
#'################...####
....'.... +..b.......#
....#.... #.yy.......#
########### #..#...#...#
..........# #..#...#...#
..........# #..#...#...#
########### ############


You could see 2 vampire mosquitoes.

Vanquished Creatures
  A troll (D:8)
  Sigmund (D:2)
  A vampire (D:10)
  4 yaks (D:10)
  2 wyverns
  2 steam dragons
  A vampire mosquito (D:10)
  2 water moccasins
  8 orc warriors
  3 sky beasts
  3 ice beasts
  A black bear (D:6)
  3 centaurs
  A phantom (Temple)
  3 kobold brigands
  A necrophage (D:6)
  5 bullfrogs
  A scorpion (D:6)
  5 wights (D:7)
  22 killer bees
  5 electric eels
  5 howler monkeys
  5 hounds
  3 jellies
  3 gnoll boudas
  14 orc priests
  2 iguanas
  16 orc wizards
  15 gnolls
  Robin (D:2)
  4 adders
  A shadow imp (D:7)
  2 white imps (D:6)
  An ufetubus (D:7)
  2 worms (D:2)
  5 dart slugs
  48 orcs
  11 ball pythons
  3 bats
  6 endoplasms
  4 giant cockroaches
  13 goblins
  8 hobgoblins
  3 jackals (D:5)
  22 kobolds
  2 quokkas
  5 frilled lizards
  9 rats
288 creatures vanquished.

Vanquished Creatures (others)
  A bullfrog (D:8)
  An orc priest (D:10)
  4 fungi
  16 plants
22 creatures vanquished.

Grand Total: 310 creatures vanquished

Notes
Turn   | Place    | Note
-------+----------+-------------------------------------------
     0 | D:1      | holysushi the Vampire Monk began the quest for the Orb.
     0 | D:1      | Reached XP level 1. HP: 17/17 MP: 1/1
   116 | D:1      | Reached skill level 4 in Unarmed Combat
   116 | D:1      | Reached XP level 2. HP: 19/23 MP: 2/2
   206 | D:1      | You fall into a shaft and drop 1 floor!
   487 | D:1      | Gained mutation: You are afflicted with vampirism and can
                  | become a bat while bloodless. [Vampire growth]
   487 | D:1      | Reached XP level 3. HP: 28/28 MP: 3/3
   703 | D:2      | Noticed Sigmund
   810 | D:2      | Reached skill level 5 in Unarmed Combat
   918 | D:2      | Reached XP level 4. HP: 13/27 MP: 4/4
  1003 | D:2      | Noticed Robin
  1014 | D:2      | Killed Robin
  1235 | D:2      | Found a faded altar of an unknown god.
  1391 | D:2      | Killed Sigmund
  1392 | D:2      | Reached skill level 7 in Unarmed Combat
  1392 | D:2      | Reached XP level 5. HP: 6/31 MP: 5/5
  1528 | D:2      | Reached XP level 6. HP: 36/36 MP: 6/6
  1964 | D:3      | Found Qemeakh's Assorted Antiques.
  2106 | D:3      | Bought a sapphire potion for 25 gold pieces
  2126 | D:4      | Found Xisuebb's Magic Scroll Boutique.
  2132 | D:4      | Bought a scroll of blinking for 105 gold pieces
  2132 | D:4      | Bought a scroll of identify for 28 gold pieces
  2247 | D:4      | Found Derphekk's Assorted Antiques.
  2408 | D:4      | Noticed Blork the orc
  2803 | D:4      | Found Goymakhlaxu's General Store.
  3056 | D:4      | Found Nacesche's Book Boutique.
  3279 | D:5      | Entered Level 5 of the Dungeon
  3427 | D:5      | Found Muasedin's Antique Weapon Shop.
  3481 | D:5      | Found a sacrificial altar of Ru.
  3487 | D:5      | Found a staircase to the Ecumenical Temple.
  3495 | D:5      | Noticed an ice beast
  3503 | Temple   | Entered the Ecumenical Temple
  3716 | Temple   | Reached skill level 8 in Unarmed Combat
  4076 | Temple   | Killed an ice beast
  4077 | Temple   | Reached XP level 7. HP: 27/40 MP: 7/7
  4142 | D:5      | Reached skill level 5 in Dodging
  4396 | D:5      | Reached skill level 9 in Unarmed Combat
  4459 | D:5      | Identified the +8 long sword of Terror {venom, Dex+4 SInv
                  | Stlth+}
  4942 | D:6      | Found an iron altar of Okawaru.
  5041 | D:5      | Found a blossoming altar of Fedhas.
  5041 | D:5      | Found a broken altar of Ashenzari.
  5335 | D:6      | Reached skill level 10 in Unarmed Combat
  5335 | D:6      | Reached XP level 8. HP: 34/45 MP: 8/8
  5402 | D:6      | Found Fuhoawal's Antique Weapon Emporium.
  5938 | D:5      | Became a worshipper of Ru the Awakened
  5982 | D:6      | Reached skill level 11 in Unarmed Combat
  6304 | D:6      | Identified the +1 hand axe "Xunoleud" {freeze, Will++}
  6652 | D:6      | Reached skill level 12 in Unarmed Combat
  6796 | D:6      | Reached XP level 9. HP: 31/49 MP: 9/9
  7554 | D:7      | Identified a scroll of acquirement
  7554 | D:7      | Acquired 585 gold pieces
  7613 | D:8      | Reached skill level 5 in Stealth
  8149 | D:8      | Noticed a two-headed ogre
  8195 | D:8      | Noticed a troll
  8228 | D:8      | Killed a troll
  8300 | D:8      | Found a staircase to the Lair.
  8439 | D:8      | Reached skill level 1 in Evocations
  8968 | D:8      | Reached XP level 10. HP: 56/56 MP: 10/10
  8985 | D:8      | Gained mutation: You cannot train Armour skill. [Ru
                  | sacrifice]
  8985 | D:8      | Reached * piety under Ru
  9120 | D:8      | Found a runed translucent door.
  9226 | D:8      | Noticed a six-headed hydra
  9550 | D:8      | Identified the +4 trident of Forgiveness {chaos, Int-3 SInv
                  | Stlth+}
  9550 | D:8      | Noticed IdlyInterested's ghost (novice DsFi)
  9769 | D:9      | Found a shimmering blue altar of Sif Muna.
 10473 | D:9      | Found a shadowy altar of Dithmenos.
 10655 | D:9      | Reached skill level 10 in Dodging
 10724 | D:10     | Entered Level 10 of the Dungeon
 11299 | D:10     | Reached skill level 10 in Stealth
 12034 | D:10     | Found a staircase to the Orcish Mines.
 12341 | D:10     | Slain by a vampire mosquito

Illustrated notes

Levels and vault maps discovered:
D:1:      sevenhm_arrival_forest_fort_large_2, layout_rooms, st_stairs_7
D:2:      layout_rooms, shapermc_ecumenical_altar_mp_ritualfount, uniq_sigmund,
          uniq_robin
D:3:      layout_rooms, overflow_temple_1_default, serial_shops, shop
D:4:      layout_gridville, serial_shops, nicolae_shop_advertising_works
          [nicolae_subvault_shop_adworks], nicolae_shop_crystal,
          kennysheep_mini_moat, nicolae_take_the_stairs, uniq_blork_the_orc
D:5:      layout_loops_ring, nicolae_overflow_hidden_temple,
          minmay_temple_entry_ruins, serial_shops, shop_statue
D:6:      layout_loops_cross, okawaru_gym_becter, serial_shops, shop
D:7:      layout_rooms
D:8:      nzn_winding_woodlands_three_and_one [nzn_winding_woodlands_5x15_twine,
          nzn_winding_woodlands_5x15_pathside_ponds,
          nzn_winding_woodlands_5x15_concentric,
          nzn_winding_woodlands_center_lodge], layout_basic, lair_entry_dummy,
          ebering_ghost_funeral_grove, hellmonk_bongcloud_opening
D:9:      layout_roguey, lemuel_coloured_pillars_altar,
          amethyst_overflow_temple_binary
D:10:     layout_grid_maze, erik_orc_2, minmay_misc_feat_secret_circle
Temple:   compressed_dpeg_circular_temple

Skill      XL: |  1  2  3  4  5  6  7  8  9 10 |
---------------+-------------------------------+-----
Unarmed Combat | 4 5 7 8 10 12 | 12.9
Dodging        | 4 5 8 10 | 10.7
Stealth        | 7 10 | 10.0
Fighting       | 4 |  4.0
Evocations     | 1 3 |  3.8

Action                     |  1- 3 |  4- 6 |  7- 9 | 10-12 || total
---------------------------+-------+-------+-------+-------++-------
  Melee: Unarmed           |   128 |   209 |   374 |   371 ||  1082
         Punch             |     2 |       |       |       ||     2
         Bite              |    13 |    27 |    60 |    67 ||   167
 Invoke: Reject Sacrifices |       |       |     1 |     1 ||     2
         Sacrifice Durabil |       |       |       |     1 ||     1
Ability: Bat Form          |     1 |       |       |       ||     1
         Exsanguinate      |     1 |       |       |       ||     1
  Evoke: Wand              |       |       |     5 |     3 ||     8
    Use: Potion            |       |     1 |       |       ||     1
         Scroll            |       |     7 |     5 |       ||    12
   Stab: Sleeping          |     5 |    12 |    15 |    12 ||    44
         Distracted        |     1 |     2 |     3 |     5 ||    11
 Armour: Robe              |     7 |       |       |       ||     7
  Dodge: Dodged            |   104 |   184 |   324 |   364 ||   976

Table legend: (Time is in decaauts)
 A = Elapsed time spent in this place.
 B = Non-inter-level travel time spent in this place.
 C = Inter-level travel time spent in this place.
 D = Time resting spent in this place.
 E = Time spent auto-exploring this place.
 F = Levels seen in this place.
 G = Mean time per level.
                   A        B        C        D        E       F      G
               +--------+--------+--------+--------+--------+-----+--------+
         Total |   9468 |   9262 |    206 |   2494 |   4359 |  11 |  860.7 |
       Dungeon |   8951 |   8745 |    206 |   2200 |   4279 |  10 |  895.1 |
        Temple |    517 |    517 |      0 |    294 |     80 |   1 |  517.0 |
               +--------+--------+--------+--------+--------+-----+--------+

Top non-repeatable levels by time:
     D:8: 1501 daAuts
     D:6: 1374 daAuts
    D:10: 1200 daAuts
     D:5: 866 daAuts
     D:9: 764 daAuts
     D:1: 700 daAuts
     D:3: 692 daAuts
     D:7: 691 daAuts
     D:2: 585 daAuts
     D:4: 573 daAuts
  Temple: 517 daAuts
